SL
PHOENIX HOTSPUR @ GRAFTON MIDDIES
08/07/2027
 
TOP OF THE 1ST
Phoenix Hotspur batting - Pitching for Grafton Middies : RHP António Marés
Pitching: RHP António Marés
Batting: RHB Roland Deschain 0-0: Called Strike
0-1: Called Strike
0-2: Ball
1-2: Foul Ball, location: 2F
1-2: Ground out 6-3 (Groundball, 6M)
Batting: LHB Francisco García 0-0: Ball
1-0: Foul Ball, location: 2F
1-1: Called Strike
1-2: Strikes out swinging
Batting: LHB Mario Cruz 0-0: Called Strike
0-1: Ball
1-1: Ball
2-1: Ball
3-1: SINGLE (Groundball, 4MD)
Batting: RHB Gabriel Pérez 0-0: Ball
1-0: Ball
2-0: Ball
3-0: Called Strike
3-1: Fielders Choice at 2nd, 4-6 (Groundball, 4)
Top of the 1st over - 0 run(s), 1 hit(s), 0 error(s), 0 left on base; Phoenix 0 - Grafton 0
BOTTOM OF THE 1ST
Grafton Middies batting - Pitching for Phoenix Hotspur : LHP Alejandro Guerra
Pitching: LHP Alejandro Guerra
Batting: RHB Pedro Santos 0-0: Called Strike
0-1: Swinging Strike
0-2: Ground out 5-3 (Groundball, 25)
Batting: RHB Dave Ash 0-0: Ball
1-0: Ball
2-0: SINGLE (Flyball, 89S)
Batting: LHB Mario Ramos 0-0: Ball
1-0: Swinging Strike
1-1: Ball
2-1: Ball
3-1: Called Strike
3-2: Strikes out swinging
Batting: RHB Lúcio López 0-0: Ball
1-0: Ball
2-0: Ball
3-0: Base on Balls
Dave Ash to second
Batting: RHB Stefano Gaddi 0-0: Ball
1-0: Fielders Choice at 2nd, 4-6 (Groundball, 4)
Bottom of the 1st over - 0 run(s), 1 hit(s), 0 error(s), 1 left on base; Phoenix 0 - Grafton 0
TOP OF THE 2ND
Phoenix Hotspur batting - Pitching for Grafton Middies : RHP António Marés
Batting: SHB Pedro Gómez 0-0: Called Strike
0-1: Foul Ball, location: 2F
0-2: Ball
1-2: Ball
2-2: Fly out, F9 (Line Drive, 9LS)
Batting: RHB Ted Cook 0-0: Ball
1-0: Ball
2-0: Ball
3-0: Base on Balls
Batting: RHB Alex Niemann 0-0: Swinging Strike
0-1: Called Strike
0-2: Strikes out looking
Batting: LHB Luis Díaz Pickoff Throw to First - Out!
Top of the 2nd over - 0 run(s), 0 hit(s), 0 error(s), 0 left on base; Phoenix 0 - Grafton 0
BOTTOM OF THE 2ND
Grafton Middies batting - Pitching for Phoenix Hotspur : LHP Alejandro Guerra
Batting: RHB Scotty Anderson 0-0: Swinging Strike
0-1: Ball
1-1: Called Strike
1-2: Ball
2-2: Strikes out looking
Batting: RHB Carlos Maldonado 0-0: Ball
1-0: Swinging Strike
1-1: Foul Ball, location: 2F
1-2: Fly out, F9 (Flyball, 9LS)
Batting: RHB Ramón Gómez 0-0: Ball
1-0: Ball
2-0: SOLO HOME RUN (Flyball, 8LXD), Distance : 442 ft
Batting: SHB Jack MacAsgill 0-0: Called Strike
0-1: Ball
1-1: Ball
2-1: Fly out, F8 (Flyball, 8LM)
Bottom of the 2nd over - 1 run(s), 1 hit(s), 0 error(s), 0 left on base; Phoenix 0 - Grafton 1
TOP OF THE 3RD
Phoenix Hotspur batting - Pitching for Grafton Middies : RHP António Marés
Batting: LHB Luis Díaz 0-0: Called Strike
0-1: Ball
1-1: Swinging Strike
1-2: Ball
2-2: Reached on error, E3 (Groundball, 34)
Batting: RHB Ed Sharp 0-0: Foul Ball, location: 2F
0-1: Called Strike
0-2: Foul Ball, location: 2F
0-2: Ball
1-2: Ball
2-2: Foul Ball, location: 2F
2-2: Ball
3-2: Strikes out swinging
Batting: RHB Roland Deschain 0-0: Ball
1-0: Called Strike
1-1: Ball
2-1: Ball
3-1: Fly out, F7 (Line Drive, 78M)
Batting: LHB Francisco García 0-0: Fielders Choice at 2nd, 6-4 (Groundball, 6)
Top of the 3rd over - 0 run(s), 0 hit(s), 1 error(s), 0 left on base; Phoenix 0 - Grafton 1
BOTTOM OF THE 3RD
Grafton Middies batting - Pitching for Phoenix Hotspur : LHP Alejandro Guerra
Batting: RHB Pedro Santos 0-0: Called Strike
0-1: Ball
1-1: Ball
2-1: SOLO HOME RUN (Flyball, 78XD), Distance : 474 ft
Batting: RHB Dave Ash 0-0: Called Strike
0-1: Foul Ball, location: 2F
0-2: Ground out 6-3 (Groundball, 6MS)
Batting: LHB Mario Ramos 0-0: Ball
1-0: Called Strike
1-1: Called Strike
1-2: SINGLE (Groundball, 4MD)
Batting: RHB Lúcio López 0-0: Foul Ball, location: 2F
0-1: Swinging Strike
0-2: Ball
1-2: Strikes out looking
Batting: RHB Stefano Gaddi 0-0: Foul Ball, location: 2F
0-1: Ball
1-1: Fielders Choice at 2nd, 6-4 (Groundball, 6)
Bottom of the 3rd over - 1 run(s), 2 hit(s), 0 error(s), 0 left on base; Phoenix 0 - Grafton 2
TOP OF THE 4TH
Phoenix Hotspur batting - Pitching for Grafton Middies : RHP António Marés
Batting: LHB Mario Cruz 0-0: Ball
1-0: Ball
2-0: Foul Ball, location: 2F
2-1: Foul Ball, location: 2F
2-2: Ball
3-2: Base on Balls
Batting: RHB Gabriel Pérez 0-0: Fielders Choice at 2nd, 6-4 (Groundball, 6)
Batting: SHB Pedro Gómez 0-0: Ball
1-0: SINGLE (Groundball, 34D)
Gabriel Pérez to second
Throwing error, E9
Gabriel Pérez scores
Pedro Gómez to second
Batting: RHB Ted Cook 0-0: Ball
1-0: Ball
2-0: Fly out, F9 (Line Drive, 89M)
Batting: RHB Alex Niemann 0-0: Called Strike
0-1: Foul Ball, location: 2F
0-2: Ground out 3-1 (Groundball, 34)
Top of the 4th over - 1 run(s), 1 hit(s), 1 error(s), 1 left on base; Phoenix 1 - Grafton 2
BOTTOM OF THE 4TH
Grafton Middies batting - Pitching for Phoenix Hotspur : LHP Alejandro Guerra
Batting: RHB Scotty Anderson 0-0: Ground out 5-3 (Groundball, 56S)
Batting: RHB Carlos Maldonado 0-0: Foul Ball, location: 2F
0-1: Ground out 5-3 (Groundball, 56)
Batting: RHB Ramón Gómez 0-0: Ball
1-0: Called Strike
1-1: Foul Ball, location: 2F
1-2: Ball
2-2: Strikes out looking
Bottom of the 4th over - 0 run(s), 0 hit(s), 0 error(s), 0 left on base; Phoenix 1 - Grafton 2
TOP OF THE 5TH
Phoenix Hotspur batting - Pitching for Grafton Middies : RHP António Marés
Batting: LHB Luis Díaz 0-0: Ball
1-0: Ball
2-0: Ball
3-0: Base on Balls
Batting: RHB Ed Sharp 0-0: Sac Bunt - play at first, batter OUT! 1-3
Luis Díaz to second
Batting: RHB Roland Deschain 0-0: Ball
1-0: SINGLE (Groundball, 56D)
Luis Díaz to third
Batting: LHB Francisco García 0-0: Called Strike
0-1: Called Strike
0-2: Ball
1-2: Ball
2-2: Fly out, F2 (Popup, 23)
Batting: LHB Mario Cruz 0-0: Ball
1-0: Foul Ball, location: 2F
1-1: Foul Ball, location: 2F
1-2: Ball
2-2: Foul Ball, location: 2F
2-2: Foul Ball, location: 2F
2-2: Foul Ball, location: 2F
2-2: SINGLE (Line Drive, 4MD)
Luis Díaz scores
Roland Deschain to second
Runner from 2nd tries for 3rd, SAFE, no throw
Batting: RHB Gabriel Pérez 0-0: Ball
1-0: Called Strike
1-1: Ball
2-1: Called Strike
2-2: Fly out, F6 (Popup, 6MD)
Top of the 5th over - 1 run(s), 2 hit(s), 0 error(s), 2 left on base; Phoenix 2 - Grafton 2
BOTTOM OF THE 5TH
Grafton Middies batting - Pitching for Phoenix Hotspur : LHP Alejandro Guerra
Batting: SHB Jack MacAsgill 0-0: Ball
1-0: Called Strike
1-1: Foul Ball, location: 2F
1-2: Strikes out swinging
Batting: RHB Pedro Santos 0-0: Foul Ball, location: 2F
0-1: Ball
1-1: Swinging Strike
1-2: Fly out, F8 (Flyball, 89XD)
Batting: RHB Dave Ash 0-0: Swinging Strike
0-1: Called Strike
0-2: Ground out 6-3 (Groundball, 6)
Bottom of the 5th over - 0 run(s), 0 hit(s), 0 error(s), 0 left on base; Phoenix 2 - Grafton 2
TOP OF THE 6TH
Phoenix Hotspur batting - Pitching for Grafton Middies : RHP António Marés
Batting: SHB Pedro Gómez 0-0: Called Strike
0-1: Ball
1-1: Ball
2-1: SINGLE (Groundball, 3L) (infield hit)
Batting: RHB Ted Cook 0-0: Sac Bunt - play at first, batter OUT! 3-4
Pedro Gómez to second
Batting: RHB Alex Niemann 0-0: Foul Ball, location: 2F
0-1: Swinging Strike
0-2: Ball
1-2: Foul Ball, location: 2F
1-2: Ball
2-2: Foul Ball, location: 2F
2-2: Foul Ball, location: 2F
2-2: Strikes out swinging
Batting: LHB Luis Díaz 0-0: Ball
1-0: Ground out 4-3 (Groundball, 4)
Top of the 6th over - 0 run(s), 1 hit(s), 0 error(s), 1 left on base; Phoenix 2 - Grafton 2
BOTTOM OF THE 6TH
Grafton Middies batting - Pitching for Phoenix Hotspur : LHP Alejandro Guerra
Batting: LHB Mario Ramos 0-0: Fly out, F7 (Flyball, 7LS)
Batting: RHB Lúcio López 0-0: Ball
1-0: Called Strike
1-1: Ball
2-1: Foul Ball, location: 2F
2-2: Ball
3-2: Foul Ball, location: 2F
3-2: Strikes out swinging
Batting: RHB Stefano Gaddi 0-0: Called Strike
0-1: Ground out 1-3 (Groundball, 15S)
Bottom of the 6th over - 0 run(s), 0 hit(s), 0 error(s), 0 left on base; Phoenix 2 - Grafton 2
TOP OF THE 7TH
Phoenix Hotspur batting - Pitching for Grafton Middies : RHP António Marés
Batting: RHB Ed Sharp 0-0: Foul Ball, location: 2F
0-1: Foul Ball, location: 2F
0-2: Ball
1-2: Ball
2-2: Fly out, F9 (Flyball, 9LM)
Batting: RHB Roland Deschain 0-0: Ground out 6-3 (Groundball, 6)
Batting: LHB Francisco García 0-0: Ball
1-0: Ball
2-0: Ball
3-0: Base on Balls
Batting: LHB Mario Cruz 0-0: Ball
1-0: Called Strike
Francisco García steals 2nd base
1-1: Foul Ball, location: 2F
1-2: Fly out, F3 (Line Drive, 3L)
Top of the 7th over - 0 run(s), 0 hit(s), 0 error(s), 1 left on base; Phoenix 2 - Grafton 2
BOTTOM OF THE 7TH
Grafton Middies batting - Pitching for Phoenix Hotspur : LHP Alejandro Guerra
Batting: RHB Scotty Anderson 0-0: Ball
1-0: Called Strike
1-1: Ball
2-1: Ball
3-1: Called Strike
3-2: SINGLE (Line Drive, 9S)
Batting: RHB Carlos Maldonado 0-0: Ball
1-0: Bunted foul
1-1: Ball
2-1: Bunted foul
2-2: Strikes out looking
Batting: RHB Ramón Gómez 0-0: Called Strike
0-1: Ball
1-1: Called Strike
1-2: Strikes out swinging
Batting: SHB Jack MacAsgill 0-0: Ball
1-0: Ball
2-0: Fly out, F7 (Flyball, 78S)
Bottom of the 7th over - 0 run(s), 1 hit(s), 0 error(s), 1 left on base; Phoenix 2 - Grafton 2
TOP OF THE 8TH
Phoenix Hotspur batting - Pitching for Grafton Middies : RHP António Marés
Batting: RHB Gabriel Pérez 0-0: Foul Ball, location: 2F
0-1: SINGLE (Groundball, 56D)
Pitching: RHP Dylan Silva
Batting: SHB Pedro Gómez 0-0: Ball
Gabriel Pérez is caught stealing 2nd base
1-0: Ball
2-0: Ball
3-0: Called Strike
3-1: Fly out, F7 (Flyball, 7LMF)
Batting: RHB Ted Cook 0-0: Ball
1-0: Ball
2-0: Ball
3-0: Called Strike
3-1: Foul Ball, location: 2F
3-2: Strikes out looking
Top of the 8th over - 0 run(s), 1 hit(s), 0 error(s), 0 left on base; Phoenix 2 - Grafton 2
BOTTOM OF THE 8TH
Grafton Middies batting - Pitching for Phoenix Hotspur : LHP Alejandro Guerra
Batting: RHB Pedro Santos 0-0: Foul Ball, location: 2F
0-1: Ball
1-1: Swinging Strike
1-2: Foul Ball, location: 2F
1-2: Ball
2-2: Ground out U3 (Groundball, 3S)
Batting: RHB Dave Ash 0-0: Ground out 4-3 (Groundball, 4S)
Batting: LHB Mario Ramos 0-0: Swinging Strike
0-1: Ball
1-1: Swinging Strike
1-2: Fly out, F9 (Flyball, 9LD)
Bottom of the 8th over - 0 run(s), 0 hit(s), 0 error(s), 0 left on base; Phoenix 2 - Grafton 2
TOP OF THE 9TH
Phoenix Hotspur batting - Pitching for Grafton Middies : RHP Dylan Silva
Pitching: RHP Lynwood Matos
Batting: RHB Alex Niemann 0-0: Called Strike
0-1: Foul Ball, location: 2F
0-2: Strikes out swinging
Batting: LHB Luis Díaz 0-0: Ball
1-0: Ball
2-0: Ball
3-0: Called Strike
3-1: Swinging Strike
3-2: SINGLE (Line Drive, 6MD)
Pinch Hitting: LHB Shojiro Ueda 0-0: Called Strike
0-1: Ball
Passed Ball!
Luis Díaz to second
1-1: Ball
2-1: Fly out, F8 (Flyball, 8RXD)
Runner from 2nd tags up, SAFE at 3rd, no throw
Batting: RHB Roland Deschain 0-0: Foul Ball, location: 2F
0-1: Swinging Strike
0-2: Ball
1-2: Strikes out swinging
Top of the 9th over - 0 run(s), 1 hit(s), 0 error(s), 1 left on base; Phoenix 2 - Grafton 2
BOTTOM OF THE 9TH
Grafton Middies batting - Pitching for Phoenix Hotspur : LHP Alejandro Guerra
Now at C: Germán Alfaro
Batting: RHB Lúcio López 0-0: Called Strike
0-1: Ball
1-1: Foul Ball, location: 2F
1-2: Ball
2-2: Foul Ball, location: 2F
2-2: SINGLE (Groundball, 6D)
Pitching: RHP Jaime van de Weideven
Batting: RHB Stefano Gaddi 0-0: Foul Ball, location: 2F
0-1: Ball
1-1: Swinging Strike
1-2: Foul Ball, location: 2F
1-2: Ball
2-2: Strikes out swinging
Batting: RHB Scotty Anderson 0-0: DOUBLE (Groundball, 5L)
Lúcio López to third
Batting: RHB Carlos Maldonado 0-0: Intentional Walk
Batting: RHB Ramón Gómez 0-0: Foul Ball, location: 2F
0-1: Foul Ball, location: 2F
0-2: Grounds into fielders choice 6-2 (Groundball, 6)
Scotty Anderson to third
Carlos Maldonado to second
Batting: SHB Jack MacAsgill 0-0: Ball
1-0: Called Strike
1-1: Swinging Strike
1-2: Foul Ball, location: 2F
1-2: Strikes out looking
Bottom of the 9th over - 0 run(s), 2 hit(s), 0 error(s), 3 left on base; Phoenix 2 - Grafton 2
TOP OF THE 10TH
Phoenix Hotspur batting - Pitching for Grafton Middies : RHP Lynwood Matos
Batting: LHB Francisco García 0-0: Called Strike
0-1: Foul Ball, location: 2F
0-2: Ball
1-2: Strikes out swinging
Batting: LHB Mario Cruz 0-0: Ball
1-0: Ball
2-0: Called Strike
2-1: Ball
3-1: Base on Balls
Batting: RHB Gabriel Pérez 0-0: Ball
1-0: Called Strike
1-1: Foul Ball, location: 2F
1-2: Ball
2-2: Ball
3-2: Grounds into double play, 6-4-3 (Groundball, 6)
Top of the 10th over - 0 run(s), 0 hit(s), 0 error(s), 0 left on base; Phoenix 2 - Grafton 2
BOTTOM OF THE 10TH
Grafton Middies batting - Pitching for Phoenix Hotspur : RHP Jaime van de Weideven
Batting: RHB Pedro Santos 0-0: Ball
1-0: Called Strike
1-1: Called Strike
1-2: Ball
2-2: Ball
3-2: Foul Ball, location: 2F
3-2: Strikes out swinging
Batting: RHB Dave Ash 0-0: Ball
1-0: Reached on error, E2 (Groundball, 2R)
Batting: LHB Mario Ramos 0-0: Ball
Dave Ash steals 2nd base
1-0: Intentional Walk
Batting: RHB Lúcio López 0-0: Called Strike
0-1: Ball
1-1: Ball
2-1: SINGLE (Groundball, 6MD)
Dave Ash to third
Mario Ramos to second
Batting: RHB Stefano Gaddi 0-0: Swinging Strike
0-1: Ball
1-1: Foul Ball, location: 2F
1-2: Strikes out swinging
Batting: RHB Scotty Anderson 0-0: Ball
1-0: Ball
2-0: Called Strike
2-1: Fielders Choice at 2nd, 6-4 (Groundball, 6)
Bottom of the 10th over - 0 run(s), 1 hit(s), 1 error(s), 2 left on base; Phoenix 2 - Grafton 2
TOP OF THE 11TH
Phoenix Hotspur batting - Pitching for Grafton Middies : RHP Lynwood Matos
Pitching: RHP Andy Perry
Batting: SHB Pedro Gómez 0-0: Ball
1-0: Ball
2-0: Foul Ball, location: 2F
2-1: SINGLE (Line Drive, 6MD)
Batting: RHB Ted Cook 0-0: Ball
1-0: Bunt missed!
1-1: Ball
2-1: Sac Bunt - play at first, batter OUT! 1-4
Pedro Gómez to second
Batting: RHB Alex Niemann 0-0: Ball
1-0: Ground out 4-3 (Groundball, 4)
Pedro Gómez to third
Batting: LHB Luis Díaz 0-0: Fly out, F3 (Line Drive, 34S)
Top of the 11th over - 0 run(s), 1 hit(s), 0 error(s), 1 left on base; Phoenix 2 - Grafton 2
BOTTOM OF THE 11TH
Grafton Middies batting - Pitching for Phoenix Hotspur : RHP Jaime van de Weideven
Pitching: RHP Scott William
Batting: RHB Carlos Maldonado 0-0: Fly out, F8 (Line Drive, 8RM)
Batting: RHB Ramón Gómez 0-0: Foul Ball, location: 2F
0-1: Called Strike
0-2: DOUBLE (Line Drive, 9LM)
Batting: SHB Jack MacAsgill 0-0: Swinging Strike
0-1: Called Strike
0-2: Foul Ball, location: 2F
0-2: Ball
1-2: Ball
2-2: Ball
3-2: Foul Ball, location: 2F
3-2: Fly out, F7 (Line Drive, 78D)
Batting: RHB Pedro Santos 0-0: Ball
1-0: Called Strike
1-1: Ball
2-1: Ball
3-1: Base on Balls
Batting: RHB Dave Ash 0-0: Ball
1-0: Fly out, F9 (Flyball, 9S)
Bottom of the 11th over - 0 run(s), 1 hit(s), 0 error(s), 2 left on base; Phoenix 2 - Grafton 2
TOP OF THE 12TH
Phoenix Hotspur batting - Pitching for Grafton Middies : RHP Andy Perry
Batting: RHB Germán Alfaro 0-0: Called Strike
0-1: Swinging Strike
0-2: Ball
1-2: Strikes out swinging
Batting: RHB Roland Deschain 0-0: Called Strike
0-1: Ball
1-1: Foul Ball, location: 2F
1-2: Strikes out looking
Batting: LHB Francisco García 0-0: Ball
1-0: Ball
2-0: Called Strike
2-1: Ball
3-1: Fly out, F8 (Flyball, 8LM)
Top of the 12th over - 0 run(s), 0 hit(s), 0 error(s), 0 left on base; Phoenix 2 - Grafton 2
BOTTOM OF THE 12TH
Grafton Middies batting - Pitching for Phoenix Hotspur : RHP Scott William
Batting: LHB Mario Ramos 0-0: SOLO HOME RUN (Flyball, 89XD), Distance : 393 ft
Saturday, May 26th, 2018 - OOTP Baseball 17.12 Build 75